 Dungeon Crawl Stone Soup version 0.30-a0-793-g160f7cfddd (webtiles) character file.

Game seed: 938276943004367946

4 sasquatch the Shield-Bearer (level 1, -3/18 HPs)
             Began as a Formicid Fighter on Feb 20, 2023.
             Slain by a kobold
             ... wielding a +1 whip of venom
              (6 damage)
             ... on level 2 of the Dungeon.
             The game lasted 00:01:39 (267 turns).

sasquatch the Shield-Bearer (Formicid Fighter)       Turns: 267, Time: 00:01:40

Health: -3/18      AC:  6    Str: 20    XL:     1   Next: 77%
Magic:  1/1        EV:  9    Int:  7    God:
Gold:   0          SH:  5    Dex: 13    Spells: 0/0 levels left

rFire   . . .      SeeInvis +    a - +0 flail
rCold   . . .      Faith    .    c - +0 buckler
rNeg    . . .      Spirit   .    b - +0 scale mail
rPois   .          Reflect  .    (helmet unavailable)
rElec   .          Harm     .    (no cloak)
rCorr   .          Rampage  .    (no gloves)
Will    .....                    (no boots) Stlth
                                 (no amulet)
HPRegen 0.23/turn                (no ring)
MPRegen 0.07/turn                (no ring)

@: lethally poisoned (-3 -> -13)
A: permanent stasis, dig shafts and tunnels, antennae 3, four strong arms
a: Dig, Shaft Self


You were on level 2 of the Dungeon.
You visited 1 branch of the dungeon, and saw 2 of its levels.

Inventory:

Hand Weapons
 a - a +0 flail (weapon)
Armour
 b - a +0 scale mail (worn)
 c - a +0 buckler (worn)
Scrolls
 e - a scroll of teleportation {unknown}
 g - a scroll of poison {unknown}
Potions
 d - a potion of might
 f - a potion of curing {unknown}


   Skills:
 - Level 3.2 Fighting
 * Level 2.3 Maces & Flails
 - Level 3.2 Armour
 + Level 4.1 Shields


You couldn't memorise any spells.
You didn't know any spells.
Your spell library contained the following spells:

 Spells                   Type           Power      Damage    Failure   Level
 Airstrike                Air            0%         2d(0-16)  100%        4
 Summon Lightning Spire   Summ/Air       0%         N/A       100%        4
 Lightning Bolt           Conj/Air       0%         1d11      100%        5


Dungeon Overview and Level Annotations

Branches:
Dungeon (1/15)

Altars:


Innate Abilities, Weirdness & Mutations

You cannot be hasted, slowed, berserked, paralysed or teleported.
You can dig through walls and to a lower floor.
You have a pair of large antennae on your head. (SInv)
Your four strong arms can wield two-handed weapons with a shield.


Message History

The bat hits you but does no damage.
You miss the bat. The bat barely misses you.
Found a stone staircase leading up.
The bat hits you.
You hit the bat.
The bat is severely wounded.
The bat barely misses you.
A hobgoblin comes into view.
The hobgoblin shouts!
You hear a shout!
You hear an angry hiss.
You block the bat's attack. The bat hits you but does no damage.
A kobold comes into view. It is wielding a +1 whip of venom.
You barely miss the bat.
The bat is heavily wounded.
You block the bat's attack. x2; The hobgoblin barely misses you.
The bat hits you but does no damage.
You barely miss the bat.
The bat is heavily wounded.
The bat completely misses you. The bat hits you but does no damage.
The hobgoblin hits you. The hobgoblin barely misses you.
You barely miss the bat.
The bat is heavily wounded.
The bat closely misses you. The bat hits you but does no damage.
You block the bat's attack. The hobgoblin closely misses you.
You hit the bat.
You kill the bat!
The hobgoblin hits you but does no damage.
You hit the hobgoblin.
You kill the hobgoblin!
The kobold hits you with a +1 whip of venom.
You are poisoned.
You barely miss the kobold.
You feel sick. The kobold completely misses you.
You barely miss the kobold.
You feel sick.
The kobold hits you with a +1 whip of venom.
You are lethally poisoned!
You are too injured to fight recklessly!
You are too injured to fight recklessly!
You closely miss the kobold.
* * * LOW HITPOINT WARNING * * *
You feel very sick.
The kobold hits you with a +1 whip of venom.
You die...

.#####. ........ #
#.###### #8 #+# # #.<
#.# #### #8.. #.# #
#... #... ##.##.#
#.## #..8####
##...#.###.## #..K@.#
#............
##8##.####...####...#
# ##.............#.
#.###########.#.# #.#
##.## ## ##


You could see a kobold.

Vanquished Creatures
  A bat (D:2)
  2 hobgoblins (D:2)
  A rat (D:2)
4 creatures vanquished.

Notes
Turn   | Place    | Note
-------+----------+-------------------------------------------
     0 | D:1      | sasquatch the Formicid Fighter began the quest for the Orb.
     0 | D:1      | Reached XP level 1. HP: 18/18 MP: 1/1
    46 | D:1      | You fall into a shaft and drop 1 floor!
   267 | D:2      | Slain by a kobold

Illustrated notes

Levels and vault maps discovered:
D:1:      lemuel_arrival_behind_the_door_small, layout_loops_ring
D:2:      layout_loops_corners, amcnicky_mini_pool_small,
          corexii_item_surrounded_by_moat, grunt_ministairs_8

Action                     || total
---------------------------++-------
  Melee: Flail             ||    19
 Armour: Scale mail        ||     6
  Dodge: Dodged            ||    11
  Block: Buckler           ||     4

Table legend: (Time is in decaauts)
 A = Elapsed time spent in this place.
 B = Non-inter-level travel time spent in this place.
 C = Inter-level travel time spent in this place.
 D = Time resting spent in this place.
 E = Time spent auto-exploring this place.
 F = Levels seen in this place.
 G = Mean time per level.
                   A        B        C        D        E       F      G
               +--------+--------+--------+--------+--------+-----+--------+
         Total |    272 |    272 |      0 |      0 |     44 |   2 |  136.0 |
       Dungeon |    272 |    272 |      0 |      0 |     44 |   2 |  136.0 |
               +--------+--------+--------+--------+--------+-----+--------+

Top non-repeatable levels by time:
     D:2: 226 daAuts
     D:1: 46 daAuts
